 Dungeon Crawl Stone Soup version 0.26-b1-32-g5d43845318 (webtiles) character file.

Game seed: 8300963190714186438

32 Sekiam the Covered (level 3, 0/23 HPs)
             Began as a Gargoyle Fighter on Jan 11, 2021.
             Slain by Sigmund
             ... wielding a +1 scythe of venom
              (2 damage)
             ... on level 2 of the Dungeon.
             The game lasted 00:02:41 (924 turns).

Sekiam the Covered (Gargoyle Fighter)                Turns: 924, Time: 00:02:42

Health: 0/23       AC: 11    Str: 20    XL:     3   Next: 25%
Magic:  3/3        EV:  7    Int:  8    God:
Gold:   13         SH:  9    Dex:  9    Spells: 2/2 levels left

rFire    . . .     SeeInvis .   a - +0 flail
rCold    . . .     Faith    .   c - +0 kite shield
rNeg     + . .     Spirit   .   b - +0 scale mail
rPois    ∞         Reflect  .   (no helmet)
rElec    +         Harm     .   k - +0 cloak
rCorr    .         Rampage  .   (no gloves)
Will     .....                  (no boots)
Stlth    ..........             (no amulet)
HPRegen  0.07/turn              (no ring)
MPRegen  0.08/turn              (no ring)

@: no status effects
A: negative energy resistance 1, electricity resistance, unbreathing,
petrification resistance, miasma immunity, AC +3
a: no special abilities


You were on level 2 of the Dungeon.
You visited 1 branch of the dungeon, and saw 2 of its levels.

You collected 13 gold pieces.

Inventory:

Hand Weapons
 a - a +0 flail (weapon)
Armour
 b - a +0 scale mail (worn)
 c - a +0 kite shield (worn)
 k - a +0 cloak (worn)
Scrolls
 e - a scroll of random uselessness {unknown}
 g - 4 scrolls of identify {unknown}
 h - 2 scrolls of enchant armour {unknown}
 i - 3 scrolls of remove curse {unknown}
Potions
 d - a potion of might
 f - a potion of haste {unknown}
 j - 4 potions of curing {unknown}
 l - a potion of brilliance {unknown}


   Skills:
 + Level 3.6 Fighting
 + Level 2.2 Maces & Flails
 + Level 3.9 Armour
 + Level 0.2 Dodging
 + Level 3.5 Shields


You had 2 spell levels left.
You didn't know any spells.
Your spell library was empty.

Dungeon Overview and Level Annotations

Branches:
Dungeon (2/15)

Altars:

Annotations:
D:2 Sigmund


Innate Abilities, Weirdness & Mutations

You are resistant to torment.
Your stone body is resilient. (AC +3)
You are immune to poison.
You resist negative energy. (rN+)
You are resistant to electric shocks. (rElec)
You can survive without breathing.
You are immune to petrification.
You are immune to miasma.


Message History

Something hits you.
Your shield prevents you from hitting something.
You block the rat's attack. Something hits you but does no damage.
You hit something but do no damage. The rat bites you but does no damage.
You block the rat's attack. Something hits you but does no damage.
You barely miss something. The rat bites you but does no damage.
Something hits you!
You hit something. The rat bites you but does no damage.
You block the rat's attack. Something hits you but does no damage.
You hit something. The rat bites you but does no damage.
You closely miss something. Something hits you.
* * * LOW HITPOINT WARNING * * *
You block the rat's attack.
You closely miss the rat. You block the rat's attack. Something hits you.
* * * LOW HITPOINT WARNING * * *
The rat closely misses you.
You sock the rat!
You kill the rat!
Something hits you.
You die...

#..### .#..
#.(..##.<# .#
#.##.##.# #.# #.
#.#..# #..
#.#.#.#....###.#
........#...#.##.#
##+##.#...........
#....†....##
+.#$.#@#.....
#.r.#..{..###
#.#.......#
.....#.##....
#.#.###.# ..###
###. #.# .## # ..
. ## .


There were no monsters in sight!

Vanquished Creatures
  An adder (D:2)
  2 dart slugs (D:1)
  A leopard gecko (D:2)
  2 bats (D:1)
  2 giant cockroaches (D:1)
  2 goblins
  A hobgoblin (D:1)
  3 kobolds (D:1)
  2 frilled lizards
  3 rats
19 creatures vanquished.

Notes
Turn   | Place    | Note
-------+----------+-------------------------------------------
     0 | D:1      | Sekiam the Gargoyle Fighter began the quest for the Orb.
     0 | D:1      | Reached XP level 1. HP: 14/14 MP: 1/1
   111 | D:1      | Reached XP level 2. HP: 17/19 MP: 2/2
   751 | D:2      | Reached XP level 3. HP: 14/23 MP: 3/3
   906 | D:2      | Noticed Sigmund
   924 | D:2      | Slain by Sigmund

Illustrated notes

Levels and vault maps discovered:
D:1:      dpeg_arrival_court, layout_loops_ring, hangedman_decor_push
D:2:      minmay_skewed_foursquare, layout_loops_ring, minmay_misc_feat_doors,
          uniq_natasha, uniq_sigmund, uniq_jessica

Action                   || total
-------------------------++-------
Melee: Flail             ||    81
Armor: Scale mail        ||    48
Dodge: Dodged            ||    29
Block: Kite shield       ||    48
